 Dungeon Sprint DCSS version 0.24.1-4-ge52af88ad5 (webtiles) character file.

Game seed: 15848954558666439427, levelgen mode: deterministic

1237 Groucho the Imperceptible (level 8, -1/38 HPs)
             Began as a Felid Berserker on Apr 17, 2020.
             Was an Elder of Trog.
             Engulfed by a cloud of freezing vapour (19 damage)
             ... in the Dungeon (Sprint I: "Red Sonja").
             The game lasted 00:03:08 (1410 turns).

Groucho the Imperceptible (Felid Berserker)         Turns: 1410, Time: 00:03:09

Health: -1/38      AC:  2    Str: 13    XL:     8   Next: 24%
Magic:  9/9        EV: 24    Int:  9    God:    Trog [****..]
Gold:   756        SH:  0    Dex: 18    Spells: 7/7 levels left
                                        Lives:  0   Deaths: 2

rFire    . . .     SeeInvis +     - Unarmed
rCold    . . .     Gourm    .   (shield unavailable)
rNeg     . . .     Faith    .   (armour unavailable)
rPois    .         Spirit   .   (helmet unavailable)
rElec    .         Reflect  .   (cloak unavailable)
rCorr    .         Harm     .   (gloves unavailable)
MR       +....     NoTele   +   (boots unavailable)
Stlth    +++++++++.             (no amulet)
HPRegen  0.12/turn              (no ring)
MPRegen  0.11/turn              (no ring)

@: quick
A: very small, no armour, no weapons or thrown items, stealth, claws 1, fangs 3,
see invisible, carnivore, speed 1, shaggy fur 2, slow metabolism 1, sharp paws
a: Berserk, Trog's Hand, Brothers in Arms, Renounce Religion


You were in the Dungeon.
You worshipped Trog.
Trog was greatly pleased with you.
You were not hungry.

You visited 1 branch You collected 756 gold pieces.

Inventory:

Scrolls
 f - a scroll of holy word {unknown}
Potions
 b - a potion of curing
 c - a potion of heal wounds
 d - a potion of haste
 e - 2 potions of magic
Comestibles
 a - a ration


   Skills:
 + Level 6.2 Fighting
 + Level 8.2 Dodging
 + Level 25.1 Stealth
 * Level 8.4 Unarmed Combat


You had 7 spell levels left.
You didn't know any spells.
Your spell library was empty.

Dungeon Overview and Level Annotations

Branches:
Dungeon (1/1)

Altars:
Cheibriados
Dithmenos
Elyvilon
Fedhas
Gozag
Hepliaklqana
Kikubaaqudgha
Makhleb
Nemelex Xobeh
Okawaru
Qazlal
Ru
Sif Muna
Trog
Uskayaw
Vehumet
Wu Jian
Xom
Yredelemnul
Zin
The Shining One
Jiyva
Lugonu

Shops:
D :


Innate Abilities, Weirdness & Mutations

You cannot wear armour.
You are incapable of wielding weapons or throwing items.
Your paws allow you to move quietly. (Stealth)
You have sharp claws.
You have razor-sharp teeth.
You have supernaturally acute eyesight. (SInv)
You are carnivorous and can eat meat at any time.
You cover ground quickly.
You are covered in thick fur. (AC +2)
You have a slow metabolism.
Your sharp claws are effective at attacking unaware monsters.


Message History

The demonic crawler hits you.
* * * LOW HITPOINT WARNING * * *
The demonic crawler hits you!
You die...
The gargoyle completely misses you.
You are now level 8!
You rejoin the land of the living...
Unknown command.
Unknown command.
Unknown command.
You now have 729 gold pieces (gained 27).
You now have 756 gold pieces (gained 27).
Unknown command.
Unknown command.
Unknown command.
You are engulfed in freezing vapours.
Ouch! That really hurt!
You are engulfed in freezing vapours.
Ouch! That really hurt!
You die...

≈§§§§+..#.s^..#..$###
§≈§§)#..#.○9..'..$$$#
#+#####'###°..#^....#
#.'.#.°°###++##
###.#.○###.°##
#.#..####.°# #
#########§##+#$$#(.#$###
......x##§# #$....$$$$#
......x†§§# #$○@○$$$$$#
+++######§# +$$$$$$####
JJJ.§§.#§# ##$$$### #+§#
##### ####


There were no monsters in sight!

Vanquished Creatures
  A lorocyproca (D)
  2 centaur warriors (D)
  An oklob plant (D)
  A hornet (D)
  A slime creature (D)
  2 redbacks (D)
  Sigmund (D)
  A yak (D)
  A floating eye (D)
  An ogre (D)
  A jelly (D)
  Ijyb (D)
14 creatures vanquished.

Notes
Turn   | Place    | Note
-------+----------+-------------------------------------------
     0 | D        | Groucho the Felid Berserker began the quest for the Orb.
     0 | D        | Reached XP level 1. HP: 10/10 MP: 2/2
     2 | D        | Noticed Ijyb
    11 | D        | Killed Ijyb
    11 | D        | Reached skill level 8 in Stealth
    11 | D        | Reached XP level 2. HP: 6/14 MP: 3/3
   438 | D        | Noticed an ogre
   442 | D        | Killed an ogre
   442 | D        | Reached skill level 12 in Stealth
   442 | D        | Reached XP level 3. HP: 17/17 MP: 4/4
   442 | D        | Reached XP level 4. HP: 21/21 MP: 5/5
   978 | D        | Noticed Sigmund
   988 | D        | Killed Sigmund
   988 | D        | Reached ** piety under Trog
   988 | D        | Reached skill level 16 in Stealth
   988 | D        | Reached XP level 5. HP: 24/24 MP: 6/6
   988 | D        | Gained mutation: You are covered in thick fur. (AC +2)
                  | [Felid growth]
   988 | D        | Reached XP level 6. HP: 28/28 MP: 7/7
  1118 | D        | Found a shimmering blue altar of Sif Muna.
  1119 | D        | Found an ornate altar of the Wu Jian Council.
  1120 | D        | Found a radiant altar of Vehumet.
  1151 | D        | Found Pashymun's Book Emporium.
  1151 | D        | Found an ancient bone altar of Kikubaaqudgha.
  1151 | D        | Found a hazy altar of Hepliaklqana.
  1151 | D        | Found a hide-covered altar of Uskayaw.
  1151 | D        | Found a basalt altar of Yredelemnul.
  1151 | D        | Found an opulent altar of Gozag.
  1151 | D        | Found a snail-covered altar of Cheibriados.
  1151 | D        | Found a sacrificial altar of Ru.
  1151 | D        | Found a shadowy altar of Dithmenos.
  1151 | D        | Noticed a yak
  1152 | D        | Found a stormy altar of Qazlal.
  1152 | D        | Found a blossoming altar of Fedhas.
  1152 | D        | Found a bloodstained altar of Trog.
  1152 | D        | Found an iron altar of Okawaru.
  1152 | D        | Found a glowing golden altar of the Shining One.
  1152 | D        | Found a glowing silver altar of Zin.
  1152 | D        | Found a white marble altar of Elyvilon.
  1153 | D        | Killed a yak
  1153 | D        | Reached skill level 18 in Stealth
  1154 | D        | Found a sparkling altar of Nemelex Xobeh.
  1180 | D        | Found a burning altar of Makhleb.
  1180 | D        | Found a shimmering altar of Xom.
  1180 | D        | Noticed a slime creature
  1181 | D        | Found a viscous altar of Jiyva.
  1181 | D        | Found a corrupted altar of Lugonu.
  1189 | D        | Killed a slime creature
  1189 | D        | Reached *** piety under Trog
  1189 | D        | Reached skill level 19 in Stealth
  1189 | D        | Reached XP level 7. HP: 21/31 MP: 8/8
  1261 | D        | Noticed a centaur warrior
  1261 | D        | Noticed a centaur warrior
  1262 | D        | Killed a centaur warrior
  1262 | D        | Reached skill level 22 in Stealth
  1262 | D        | Reached XP level 8. HP: 34/34 MP: 9/9
  1263 | D        | Killed a centaur warrior
  1263 | D        | Reached skill level 24 in Stealth
  1265 | D        | Noticed a hornet
  1268 | D        | Killed a hornet
  1268 | D        | Reached XP level 9. HP: 38/38 MP: 10/10
  1311 | D        | Noticed an oklob plant
  1313 | D        | Killed an oklob plant
  1313 | D        | Reached **** piety under Trog
  1313 | D        | Reached skill level 5 in Unarmed Combat
  1323 | D        | Reached skill level 5 in Fighting
  1353 | D        | Noticed an unseen horror
  1354 | D        | Noticed an unseen horror
  1365 | D        | Slain by an unseen horror
  1366 | D        | Reached XP level 8. HP: -3/37 MP: 9/9
  1381 | D        | Noticed a meliai
  1381 | D        | Noticed a lorocyproca
  1383 | D        | Killed a lorocyproca
  1383 | D        | Reached skill level 25 in Stealth
  1383 | D        | Reached XP level 9. HP: 41/41 MP: 10/10
  1389 | D        | Noticed a gargoyle
  1394 | D        | Noticed a demonic crawler
  1394 | D        | Noticed a demonic crawler
  1394 | D        | Noticed a demonic crawler
  1395 | D        | Noticed a demonic crawler
  1397 | D        | Mangled by a demonic crawler
  1398 | D        | Reached XP level 8. HP: -8/38 MP: 9/9
  1410 | D        | Engulfed by a cloud of freezing vapour

Levels and vault maps discovered:
D:        dungeon_sprint_1 [red_sonja_temple_1, red_sonja_temple_small_1]

Skill      XL: |  1  2  3  4  5  6  7  8  9 |
---------------+----------------------------+-----
Stealth        | 8 12 16 19 22 25 | 25.1
Unarmed Combat | 8 6 |  8.4
Fighting       | 6 5 |  6.2
Dodging        | 8 6 |  8.2

Action                   |  1- 3 |  4- 6 |  7- 9 || total
-------------------------+-------+-------+-------++-------
Melee: Unarmed           |     9 |    15 |     8 ||    32
       Bite              |     1 |     1 |       ||     2
       Punch             |       |     1 |       ||     1
Invok: Berserk           |     1 |     2 |       ||     3
       Trog's Hand       |       |     1 |     1 ||     2
  Use: Potion            |     1 |       |       ||     1
       Scroll            |       |       |     1 ||     1
 Stab: Sleeping          |     2 |     2 |     8 ||    12
  Eat: Chunk             |       |     8 |       ||     8
       Ration            |       |     1 |       ||     1
Dodge: Dodged            |     6 |     6 |    21 ||    33
